[ AOE2 MATCH · #479292449 ]
UnrankedPersians vs Khmer
[ REPLAY ANALYSIS · EXTRACTED FROM THE RECORDED GAME ]
Feudal
10:48
Castle
14:52
Imperial
34:29
| APM avg | 26.3 |
| APM peak | 68 |
| eAPM avg | 17.9 |
| Villagers / military | 145 / 25 |
Focus
⚔️ 19.3% · 🌾 80.7%
Knight ×15 · Archer ×7 · Monk ×2 · War Elephant ×1
Feudal
10:29
Castle
14:56
Imperial
—
| APM avg | 21.6 |
| APM peak | 89 |
| eAPM avg | 8.3 |
| Villagers / military | 35 / 0 |
Focus
⚔️ 9.1% · 🌾 90.9%
Unknown (1105) ×1
Feudal
11:50
Castle
14:32
Imperial
—
| APM avg | 42.2 |
| APM peak | 85 |
| eAPM avg | 22.2 |
| Villagers / military | 109 / 38 |
Focus
⚔️ 16.2% · 🌾 83.8%
Knight ×30 · Mangonel ×4 · Scout Cavalry ×4
Feudal
10:38
Castle
14:10
Imperial
26:58
| APM avg | 39.6 |
| APM peak | 69 |
| eAPM avg | 20.6 |
| Villagers / military | 150 / 69 |
Focus
⚔️ 29.0% · 🌾 71.0%
Spearman ×45 · Hussite Wagon ×9 · Bombard Cannon ×9 · Monk ×5 · Trade Cart ×2 · Trebuchet (Packed) ×1
Feudal
10:31
Castle
14:27
Imperial
32:40
| APM avg | 35.0 |
| APM peak | 68 |
| eAPM avg | 17.0 |
| Villagers / military | 118 / 44 |
Focus
⚔️ 25.3% · 🌾 74.7%
Camel Scout ×38 · Armored Elephant ×4 · Monk ×1 · Mangonel ×1
Feudal
8:28
Castle
23:03
Imperial
—
| APM avg | 42.3 |
| APM peak | 113 |
| eAPM avg | 22.7 |
| Villagers / military | 149 / 41 |
Focus
⚔️ 38.2% · 🌾 61.8%
Genoese Crossbowman ×38 · Petard ×3
Feudal
10:10
Castle
14:37
Imperial
32:25
| APM avg | 48.1 |
| APM peak | 110 |
| eAPM avg | 26.0 |
| Villagers / military | 113 / 3 |
Focus
⚔️ 17.5% · 🌾 82.5%
Mangonel ×3 · Trade Cart ×1
Feudal
10:26
Castle
14:38
Imperial
—
| APM avg | 37.1 |
| APM peak | 72 |
| eAPM avg | 18.4 |
| Villagers / military | 99 / 20 |
Focus
⚔️ 18.9% · 🌾 81.1%
Scorpion ×12 · Battering Ram ×5 · Mangonel ×3
Match map
Initial resources + every placement click. Lines = walls · curves = elevation contours. ◆ gold · ⬟ stone · ● berries · ✦ relic · ◌ wall gap
Your base· ✓ Closed at 14:52 · 0t walls · 3 gate(s)
Qic's base· ✓ Closed at 14:56 · 0t walls · 3 gate(s)
Turkalibx's base· ✓ Closed at 14:32 · 0t walls · 3 gate(s)
天崩地裂's base· ✓ Closed at 14:10 · 0t walls · 2 gate(s)
LT_OmniSK's base· ✓ Closed at 14:27 · 0t walls · 2 gate(s)
Simplemente Amate's base· ✓ Closed at 23:03 · 12t walls · 3 gate(s)
N4Fis's base· ✓ Closed at 14:37 · 14t walls · 2 gate(s)
MaAle-Fica's base· ✓ Closed at 14:38 · 0t walls · 2 gate(s)
Smoothed initial terrain · ◌ = detected wall gap · hover for details
Inputs per minute
— Predator - - Qic
Build order — Predator
First 150 of 290 actions detected
| 0:00 | Queue | Villager (Male) |
| 0:01 | Queue | Villager (Male) |
| 0:01 | Queue | Villager (Male) |
| 0:01 | Queue | Villager (Male) |
| 0:03 | Build | House |
| 0:04 | Build | House |
| 0:14 | Queue | Villager (Male) |
| 0:14 | Queue | Villager (Male) |
| 1:18 | Build | House |
| 1:22 | Build | House |
| 1:26 | Queue | Villager (Male) |
| 1:26 | Queue | Villager (Male) |
| 2:09 | Queue | Villager (Male) |
| 2:10 | Queue | Villager (Male) |
| 2:34 | Queue | Villager (Male) |
| 2:34 | Queue | Villager (Male) |
| 2:38 | Build | Lumber Camp |
| 2:52 | Queue | Villager (Male) |
| 2:53 | Queue | Villager (Male) |
| 3:10 | Queue | Villager (Male) |
| 3:10 | Queue | Villager (Male) |
| 3:44 | Queue | Villager (Male) |
| 3:44 | Queue | Villager (Male) |
| 3:44 | Queue | Villager (Male) |
| 4:00 | Build | House |
| 4:30 | Queue | Villager (Male) |
| 4:30 | Queue | Villager (Male) |
| 4:44 | Queue | Villager (Male) |
| 4:45 | Queue | Villager (Male) |
| 5:26 | Build | Mill |
| 5:31 | Queue | Villager (Male) |
| 5:31 | Queue | Villager (Male) |
| 5:31 | Queue | Villager (Male) |
| 6:05 | Queue | Villager (Male) |
| 6:05 | Queue | Villager (Male) |
| 6:05 | Queue | Villager (Male) |
| 6:31 | Queue | Villager (Male) |
| 6:31 | Queue | Villager (Male) |
| 6:37 | Queue | Villager (Male) |
| 8:20 | Build | Mining Camp |
| 8:26 | Research | Feudal Age |
| 9:20 | Queue | Villager (Male) |
| 10:22 | Queue | Villager (Male) |
| 10:22 | Queue | Villager (Male) |
| 10:26 | Build | Farm |
| 10:27 | Build | Farm |
| 10:28 | Build | Farm |
| 10:30 | Build | Farm |
| 10:35 | Build | Farm |
| 10:47 | Build | House |
| 10:48 | Age | Feudal Age |
| 10:51 | Queue | Villager (Male) |
| 10:59 | Build | Market |
| 11:33 | Build | Blacksmith |
| 12:26 | Research | Castle Age |
| 12:32 | Build | Barracks |
| 12:45 | Research | Scale Barding Armor |
| 12:52 | Research | Horse Collar |
| 12:54 | Research | Double-Bit Axe |
| 13:00 | Build | Farm |
| 13:09 | Build | Farm |
| 13:30 | Build | Stable |
| 13:39 | Build | Farm |
| 13:47 | Build | House |
| 13:55 | Build | Farm |
| 14:05 | Research | Scale Barding Armor |
| 14:32 | Queue | Villager (Male) |
| 14:36 | Build | House |
| 14:43 | Build | Farm |
| 14:52 | Age | Castle Age |
| 14:52 | Queue | Knight |
| 14:53 | Queue | Knight |
| 15:06 | Queue | Villager (Male) |
| 15:08 | Queue | Knight |
| 15:14 | Queue | Villager (Male) |
| 15:26 | Build | Town Center |
| 15:38 | Build | Farm |
| 15:47 | Queue | Knight |
| 16:03 | Build | Farm |
| 16:09 | Build | Farm |
| 16:10 | Queue | Villager (Male) |
| 16:10 | Queue | Villager (Male) |
| 16:30 | Queue | Knight |
| 16:53 | Queue | Villager (Male) |
| 17:06 | Queue | Knight |
| 17:10 | Build | Farm |
| 17:11 | Build | Farm |
| 17:13 | Build | Farm |
| 17:21 | Queue | Villager (Male) |
| 17:23 | Build | Farm |
| 17:35 | Queue | Villager (Male) |
| 17:39 | Build | Farm |
| 17:44 | Build | Farm |
| 18:20 | Queue | Knight |
| 18:21 | Queue | Knight |
| 18:21 | Queue | Villager (Male) |
| 18:21 | Queue | Villager (Male) |
| 18:25 | Queue | Villager (Male) |
| 18:30 | Build | Town Center |
| 18:45 | Queue | Knight |
| 19:11 | Queue | Knight |
| 19:24 | Queue | Villager (Male) |
| 19:24 | Queue | Villager (Male) |
| 19:24 | Queue | Villager (Male) |
| 19:30 | Queue | Villager (Male) |
| 19:33 | Build | Farm |
| 19:37 | Queue | Villager (Male) |
| 19:58 | Research | Loom |
| 20:01 | Research | Wheelbarrow |
| 20:02 | Research | Town Watch |
| 20:11 | Build | House |
| 20:12 | Build | House |
| 20:13 | Build | House |
| 20:14 | Build | House |
| 20:15 | Queue | Villager (Male) |
| 20:37 | Queue | Villager (Male) |
| 20:37 | Queue | Villager (Male) |
| 20:48 | Build | Monastery |
| 20:49 | Queue | Villager (Male) |
| 20:49 | Queue | Villager (Male) |
| 20:49 | Queue | Villager (Male) |
| 20:58 | Queue | Villager (Male) |
| 21:01 | Build | Farm |
| 21:03 | Build | Farm |
| 21:06 | Build | Farm |
| 21:13 | Queue | Villager (Male) |
| 21:14 | Queue | Villager (Male) |
| 21:20 | Queue | Villager (Male) |
| 21:20 | Queue | Villager (Male) |
| 21:41 | Queue | Monk |
| 21:47 | Queue | Villager (Male) |
| 21:47 | Queue | Villager (Male) |
| 21:55 | Queue | Villager (Male) |
| 22:02 | Queue | Villager (Male) |
| 22:02 | Queue | Villager (Male) |
| 22:03 | Queue | Villager (Male) |
| 22:13 | Research | Bow Saw |
| 22:18 | Queue | Villager (Male) |
| 22:18 | Queue | Villager (Male) |
| 22:18 | Queue | Villager (Male) |
| 22:30 | Queue | Villager (Male) |
| 22:35 | Build | Farm |
| 22:41 | Build | Farm |
| 22:43 | Research | Heavy Plow |
| 23:00 | Build | House |
| 23:01 | Build | House |
| 23:01 | Queue | Villager (Male) |
| 23:02 | Queue | Villager (Male) |
| 23:09 | Build | Farm |
| 23:16 | Research | Gold Mining |
Build order — Qic
66 actions detected in the replay
| 0:01 | Queue | Villager (Male) |
| 0:01 | Queue | Villager (Male) |
| 0:02 | Build | House |
| 0:03 | Build | House |
| 0:24 | Queue | Villager (Male) |
| 0:24 | Queue | Villager (Male) |
| 1:39 | Queue | Villager (Male) |
| 1:40 | Queue | Villager (Male) |
| 1:47 | Build | Lumber Camp |
| 2:04 | Queue | Villager (Male) |
| 2:32 | Queue | Villager (Male) |
| 3:00 | Queue | Villager (Male) |
| 3:10 | Build | House |
| 3:29 | Queue | Villager (Male) |
| 3:53 | Build | Mill |
| 4:00 | Queue | Villager (Male) |
| 4:01 | Queue | Villager (Male) |
| 4:31 | Queue | Villager (Male) |
| 4:31 | Queue | Villager (Male) |
| 4:50 | Queue | Villager (Male) |
| 5:19 | Queue | Villager (Male) |
| 5:49 | Queue | Villager (Male) |
| 5:49 | Queue | Villager (Male) |
| 5:50 | Queue | Villager (Male) |
| 6:12 | Queue | Villager (Male) |
| 6:12 | Queue | Villager (Male) |
| 6:15 | Build | House |
| 6:46 | Queue | Villager (Male) |
| 7:27 | Build | House |
| 7:47 | Queue | Villager (Male) |
| 8:15 | Research | Feudal Age |
| 8:20 | Build | Mining Camp |
| 9:55 | Queue | Villager (Male) |
| 9:56 | Queue | Villager (Male) |
| 10:29 | Age | Feudal Age |
| 10:36 | Build | Market |
| 10:42 | Build | Blacksmith |
| 10:50 | Queue | Villager (Male) |
| 10:58 | Build | Mining Camp |
| 12:01 | Build | Farm |
| 12:04 | Build | Farm |
| 12:16 | Research | Castle Age |
| 13:50 | Build | House |
| 13:50 | Build | House |
| 14:38 | Queue | Villager (Male) |
| 14:38 | Queue | Villager (Male) |
| 14:56 | Age | Castle Age |
| 15:01 | Build | Siege Workshop |
| 15:05 | Research | Loom |
| 15:06 | Research | Wheelbarrow |
| 15:33 | Queue | Unit 1105 |
| 15:56 | Research | Fletching |
| 16:32 | Build | Castle |
| 16:53 | Build | Gate |
| 17:09 | Build | House |
| 17:12 | Build | House |
| 18:05 | Queue | Villager (Male) |
| 18:05 | Queue | Villager (Male) |
| 18:05 | Queue | Villager (Male) |
| 18:11 | Build | Farm |
| 18:22 | Build | Mining Camp |
| 18:37 | Build | Stone Wall |
| 19:22 | Queue | Villager (Male) |
| 19:22 | Queue | Villager (Male) |
| 20:51 | Queue | Villager (Male) |
| 20:51 | Queue | Villager (Male) |
Build order — Turkalibx
First 150 of 278 actions detected
| 0:04 | Build | House |
| 0:04 | Queue | Villager (Male) |
| 0:05 | Queue | Villager (Male) |
| 0:06 | Build | House |
| 0:26 | Queue | Villager (Male) |
| 0:26 | Queue | Villager (Male) |
| 0:26 | Queue | Villager (Male) |
| 1:27 | Queue | Villager (Male) |
| 1:28 | Queue | Villager (Male) |
| 1:51 | Build | Lumber Camp |
| 1:56 | Queue | Villager (Male) |
| 1:56 | Queue | Villager (Male) |
| 2:10 | Queue | Villager (Male) |
| 2:11 | Queue | Villager (Male) |
| 2:54 | Queue | Villager (Male) |
| 2:55 | Queue | Villager (Male) |
| 2:55 | Queue | Villager (Male) |
| 3:13 | Queue | Villager (Male) |
| 3:14 | Queue | Villager (Male) |
| 3:34 | Build | House |
| 3:35 | Build | House |
| 4:04 | Queue | Villager (Male) |
| 4:04 | Queue | Villager (Male) |
| 4:13 | Queue | Villager (Male) |
| 4:14 | Queue | Villager (Male) |
| 4:37 | Build | House |
| 4:55 | Queue | Villager (Male) |
| 4:55 | Queue | Villager (Male) |
| 5:10 | Queue | Villager (Male) |
| 5:36 | Queue | Villager (Male) |
| 6:14 | Queue | Villager (Male) |
| 6:15 | Queue | Villager (Male) |
| 6:15 | Queue | Villager (Male) |
| 6:16 | Queue | Villager (Male) |
| 6:16 | Queue | Villager (Male) |
| 6:23 | Build | Mill |
| 6:36 | Queue | Villager (Male) |
| 8:04 | Queue | Villager (Male) |
| 8:39 | Queue | Villager (Male) |
| 8:39 | Queue | Villager (Male) |
| 8:42 | Research | Feudal Age |
| 9:08 | Build | Mining Camp |
| 9:47 | Build | House |
| 9:54 | Build | Farm |
| 9:56 | Build | Farm |
| 9:59 | Build | Farm |
| 10:01 | Build | Farm |
| 11:06 | Research | Loom |
| 11:35 | Build | Farm |
| 11:50 | Age | Feudal Age |
| 11:52 | Research | Castle Age |
| 12:04 | Build | Stable |
| 12:05 | Build | Stable |
| 13:20 | Queue | Scout Cavalry |
| 13:41 | Build | Blacksmith |
| 13:44 | Queue | Scout Cavalry |
| 13:49 | Queue | Villager (Male) |
| 13:49 | Queue | Villager (Male) |
| 13:52 | Build | Farm |
| 13:55 | Build | Farm |
| 14:26 | Build | Farm |
| 14:32 | Age | Castle Age |
| 14:36 | Queue | Villager (Male) |
| 14:42 | Build | Farm |
| 14:45 | Queue | Knight |
| 14:45 | Queue | Knight |
| 14:45 | Queue | Knight |
| 14:46 | Queue | Knight |
| 14:46 | Queue | Knight |
| 15:09 | Queue | Knight |
| 15:09 | Queue | Knight |
| 15:19 | Build | Farm |
| 15:25 | Build | House |
| 15:26 | Build | House |
| 15:42 | Queue | Knight |
| 15:51 | Build | House |
| 16:15 | Research | Scale Barding Armor |
| 16:18 | Queue | Knight |
| 16:18 | Queue | Knight |
| 16:24 | Queue | Villager (Male) |
| 16:28 | Build | Farm |
| 17:38 | Queue | Villager (Male) |
| 17:38 | Queue | Villager (Male) |
| 17:39 | Queue | Villager (Male) |
| 17:39 | Queue | Villager (Male) |
| 17:42 | Build | Farm |
| 18:11 | Queue | Villager (Male) |
| 18:12 | Queue | Villager (Male) |
| 18:14 | Research | Double-Bit Axe |
| 18:32 | Queue | Villager (Male) |
| 18:32 | Queue | Villager (Male) |
| 18:36 | Research | Horse Collar |
| 19:09 | Queue | Knight |
| 19:09 | Queue | Knight |
| 19:27 | Queue | Villager (Male) |
| 19:30 | Build | Farm |
| 19:31 | Build | Farm |
| 20:04 | Queue | Knight |
| 20:04 | Queue | Knight |
| 20:18 | Build | House |
| 20:25 | Queue | Knight |
| 20:25 | Queue | Knight |
| 20:48 | Queue | Villager (Male) |
| 20:48 | Queue | Villager (Male) |
| 20:49 | Queue | Villager (Male) |
| 20:52 | Build | House |
| 20:53 | Build | House |
| 20:55 | Build | Farm |
| 20:59 | Build | Farm |
| 21:12 | Queue | Knight |
| 21:12 | Queue | Knight |
| 21:34 | Queue | Villager (Male) |
| 21:34 | Queue | Villager (Male) |
| 21:39 | Build | Farm |
| 21:41 | Build | Farm |
| 21:44 | Build | Farm |
| 21:47 | Build | Farm |
| 22:20 | Queue | Knight |
| 22:20 | Queue | Knight |
| 22:41 | Queue | Villager (Male) |
| 22:42 | Queue | Villager (Male) |
| 22:44 | Build | House |
| 23:00 | Research | Chain Barding Armor |
| 23:17 | Queue | Knight |
| 23:17 | Queue | Knight |
| 23:35 | Queue | Villager (Male) |
| 23:39 | Build | Farm |
| 23:41 | Build | Farm |
| 23:46 | Research | Bow Saw |
| 24:05 | Queue | Scout Cavalry |
| 24:05 | Queue | Scout Cavalry |
| 24:27 | Build | House |
| 24:59 | Queue | Knight |
| 25:00 | Queue | Knight |
| 25:00 | Queue | Knight |
| 25:00 | Queue | Knight |
| 25:01 | Queue | Knight |
| 25:01 | Queue | Knight |
| 25:01 | Queue | Knight |
| 25:01 | Queue | Knight |
| 25:09 | Queue | Villager (Male) |
| 25:09 | Queue | Villager (Male) |
| 25:14 | Build | Town Center |
| 25:18 | Queue | Villager (Male) |
| 25:18 | Queue | Villager (Male) |
| 25:40 | Queue | Villager (Male) |
| 25:41 | Queue | Villager (Male) |
| 25:41 | Queue | Villager (Male) |
| 25:41 | Queue | Villager (Male) |
| 25:46 | Queue | Villager (Male) |
Build order — 天崩地裂
First 150 of 398 actions detected
| 0:01 | Queue | Villager (Male) |
| 0:03 | Build | House |
| 0:07 | Build | House |
| 0:09 | Queue | Villager (Male) |
| 0:09 | Queue | Villager (Male) |
| 0:10 | Queue | Villager (Male) |
| 0:10 | Queue | Villager (Male) |
| 1:25 | Queue | Villager (Male) |
| 1:53 | Build | Lumber Camp |
| 1:58 | Queue | Villager (Male) |
| 2:18 | Queue | Villager (Male) |
| 2:18 | Queue | Villager (Male) |
| 2:50 | Queue | Villager (Male) |
| 2:50 | Queue | Villager (Male) |
| 3:04 | Build | House |
| 3:27 | Queue | Villager (Male) |
| 3:28 | Queue | Villager (Male) |
| 3:28 | Queue | Villager (Male) |
| 3:37 | Build | House |
| 4:09 | Queue | Villager (Male) |
| 4:09 | Queue | Villager (Male) |
| 4:17 | Queue | Villager (Male) |
| 4:17 | Queue | Villager (Male) |
| 4:35 | Queue | Villager (Male) |
| 4:35 | Queue | Villager (Male) |
| 4:45 | Build | Mill |
| 5:22 | Queue | Villager (Male) |
| 5:22 | Queue | Villager (Male) |
| 5:22 | Queue | Villager (Male) |
| 5:23 | Queue | Villager (Male) |
| 5:51 | Queue | Villager (Male) |
| 6:09 | Build | Farm |
| 6:14 | Build | Farm |
| 6:31 | Queue | Villager (Male) |
| 6:33 | Queue | Villager (Male) |
| 6:44 | Queue | Villager (Male) |
| 7:25 | Build | Mining Camp |
| 8:14 | Research | Feudal Age |
| 9:01 | Build | House |
| 9:27 | Queue | Villager (Male) |
| 9:28 | Queue | Villager (Male) |
| 10:38 | Age | Feudal Age |
| 10:39 | Build | Blacksmith |
| 10:41 | Build | Market |
| 11:07 | Build | Farm |
| 11:30 | Research | Castle Age |
| 11:30 | Research | Castle Age |
| 11:53 | Research | Double-Bit Axe |
| 12:02 | Build | Lumber Camp |
| 12:28 | Research | Horse Collar |
| 12:29 | Research | Horse Collar |
| 12:29 | Research | Horse Collar |
| 12:49 | Queue | Villager (Male) |
| 12:52 | Build | Farm |
| 13:20 | Queue | Villager (Male) |
| 13:36 | Queue | Villager (Male) |
| 13:46 | Queue | Villager (Male) |
| 14:10 | Age | Castle Age |
| 14:15 | Build | Monastery |
| 14:24 | Queue | Villager (Male) |
| 14:34 | Build | Town Center |
| 14:38 | Queue | Villager (Male) |
| 14:54 | Build | Town Center |
| 14:56 | Queue | Monk |
| 14:57 | Research | Fervor |
| 14:57 | Research | Fervor |
| 15:08 | Queue | Villager (Male) |
| 15:10 | Build | Farm |
| 15:23 | Research | Bow Saw |
| 15:23 | Research | Bow Saw |
| 15:27 | Build | Farm |
| 15:33 | Build | House |
| 15:41 | Research | Wheelbarrow |
| 15:50 | Queue | Monk |
| 15:56 | Queue | Villager (Male) |
| 15:58 | Build | Farm |
| 16:08 | Build | House |
| 16:09 | Build | House |
| 16:22 | Build | Farm |
| 16:34 | Queue | Villager (Male) |
| 16:41 | Build | Farm |
| 16:43 | Queue | Villager (Male) |
| 17:00 | Build | Farm |
| 17:05 | Queue | Villager (Male) |
| 17:08 | Build | House |
| 17:12 | Build | Farm |
| 17:19 | Queue | Villager (Male) |
| 17:28 | Queue | Villager (Male) |
| 17:34 | Build | Farm |
| 17:38 | Queue | Monk |
| 17:40 | Build | House |
| 17:54 | Queue | Villager (Male) |
| 17:54 | Queue | Villager (Male) |
| 17:58 | Build | Farm |
| 18:00 | Build | Farm |
| 18:04 | Build | Farm |
| 18:08 | Build | Farm |
| 18:10 | Queue | Villager (Male) |
| 18:10 | Queue | Villager (Male) |
| 18:13 | Build | House |
| 18:19 | Build | Farm |
| 18:24 | Queue | Villager (Male) |
| 18:25 | Queue | Villager (Male) |
| 18:30 | Queue | Villager (Male) |
| 18:30 | Queue | Villager (Male) |
| 18:31 | Queue | Villager (Male) |
| 18:31 | Queue | Villager (Male) |
| 18:41 | Build | Farm |
| 18:47 | Build | House |
| 18:51 | Queue | Villager (Male) |
| 18:51 | Queue | Villager (Male) |
| 18:53 | Build | Farm |
| 18:55 | Build | Farm |
| 18:56 | Queue | Villager (Male) |
| 18:56 | Queue | Villager (Male) |
| 18:58 | Queue | Villager (Male) |
| 18:58 | Queue | Villager (Male) |
| 19:11 | Build | Farm |
| 19:13 | Queue | Villager (Male) |
| 19:17 | Build | House |
| 19:30 | Queue | Villager (Male) |
| 19:31 | Queue | Villager (Male) |
| 19:31 | Queue | Villager (Male) |
| 19:33 | Build | Farm |
| 19:34 | Queue | Villager (Male) |
| 19:35 | Queue | Villager (Male) |
| 19:39 | Build | Farm |
| 19:40 | Queue | Villager (Male) |
| 19:40 | Queue | Villager (Male) |
| 19:43 | Build | Farm |
| 19:49 | Build | House |
| 19:59 | Research | Heavy Plow |
| 19:59 | Research | Heavy Plow |
| 20:01 | Queue | Villager (Male) |
| 20:01 | Queue | Villager (Male) |
| 20:08 | Build | Farm |
| 20:10 | Queue | Villager (Male) |
| 20:11 | Queue | Villager (Male) |
| 20:15 | Queue | Villager (Male) |
| 20:21 | Queue | Villager (Male) |
| 20:22 | Queue | Villager (Male) |
| 20:23 | Build | House |
| 20:30 | Queue | Monk |
| 20:31 | Queue | Villager (Male) |
| 20:33 | Queue | Monk |
| 20:34 | Queue | Villager (Male) |
| 20:40 | Queue | Villager (Male) |
| 20:40 | Queue | Villager (Male) |
| 20:47 | Build | Farm |
| 20:49 | Build | Farm |
Build order — LT_OmniSK
First 150 of 299 actions detected
| 0:01 | Queue | Villager (Male) |
| 0:01 | Queue | Villager (Male) |
| 0:03 | Build | House |
| 0:07 | Build | House |
| 0:15 | Queue | Villager (Male) |
| 0:15 | Queue | Villager (Male) |
| 1:20 | Queue | Villager (Male) |
| 1:20 | Queue | Villager (Male) |
| 1:36 | Queue | Villager (Male) |
| 1:36 | Queue | Villager (Male) |
| 1:49 | Build | Lumber Camp |
| 2:22 | Queue | Villager (Male) |
| 2:22 | Queue | Villager (Male) |
| 2:45 | Queue | Villager (Male) |
| 3:01 | Build | House |
| 3:13 | Queue | Villager (Male) |
| 3:29 | Queue | Villager (Male) |
| 3:29 | Queue | Villager (Male) |
| 4:02 | Queue | Villager (Male) |
| 4:02 | Queue | Villager (Male) |
| 4:11 | Build | Mill |
| 4:53 | Queue | Villager (Male) |
| 4:54 | Queue | Villager (Male) |
| 5:12 | Build | House |
| 5:30 | Queue | Villager (Male) |
| 5:30 | Queue | Villager (Male) |
| 5:44 | Build | House |
| 6:16 | Queue | Villager (Male) |
| 6:55 | Queue | Villager (Male) |
| 7:11 | Build | Lumber Camp |
| 7:23 | Queue | Villager (Male) |
| 7:28 | Build | Farm |
| 7:32 | Build | Farm |
| 7:36 | Build | Farm |
| 7:48 | Queue | Villager (Male) |
| 7:48 | Queue | Villager (Male) |
| 8:20 | Research | Feudal Age |
| 8:30 | Build | Mining Camp |
| 9:39 | Queue | Villager (Male) |
| 9:40 | Queue | Villager (Male) |
| 10:31 | Age | Feudal Age |
| 10:36 | Queue | Villager (Male) |
| 10:46 | Build | Market |
| 10:56 | Build | Blacksmith |
| 11:18 | Research | Double-Bit Axe |
| 11:47 | Research | Castle Age |
| 11:57 | Research | Horse Collar |
| 12:30 | Build | Farm |
| 13:03 | Queue | Villager (Male) |
| 13:04 | Queue | Villager (Male) |
| 13:16 | Build | House |
| 13:22 | Build | Farm |
| 14:23 | Queue | Villager (Male) |
| 14:27 | Age | Castle Age |
| 14:55 | Build | Town Center |
| 15:02 | Build | Town Center |
| 15:06 | Build | Farm |
| 15:07 | Build | Farm |
| 15:09 | Queue | Villager (Male) |
| 15:10 | Queue | Villager (Male) |
| 15:20 | Build | House |
| 15:21 | Build | House |
| 15:30 | Build | Farm |
| 15:52 | Queue | Villager (Male) |
| 15:57 | Research | Bow Saw |
| 16:12 | Queue | Villager (Male) |
| 16:16 | Queue | Villager (Male) |
| 16:20 | Build | Farm |
| 16:39 | Queue | Villager (Male) |
| 16:40 | Queue | Villager (Male) |
| 16:41 | Queue | Villager (Male) |
| 16:58 | Build | Barracks |
| 17:03 | Queue | Villager (Male) |
| 17:04 | Queue | Villager (Male) |
| 17:11 | Queue | Villager (Male) |
| 17:12 | Queue | Villager (Male) |
| 17:24 | Queue | Villager (Male) |
| 17:44 | Research | Wheelbarrow |
| 17:44 | Queue | Villager (Male) |
| 17:47 | Build | Farm |
| 17:53 | Build | Stable |
| 18:10 | Build | Stable |
| 18:13 | Queue | Villager (Male) |
| 18:20 | Build | Farm |
| 18:20 | Build | Farm |
| 18:20 | Build | Farm |
| 18:21 | Build | Farm |
| 18:27 | Build | Farm |
| 18:31 | Build | Farm |
| 18:32 | Build | Farm |
| 18:35 | Queue | Villager (Male) |
| 18:36 | Queue | Villager (Male) |
| 19:05 | Queue | Camel Scout |
| 19:15 | Build | Farm |
| 19:16 | Build | Farm |
| 19:16 | Build | Farm |
| 19:16 | Build | Farm |
| 19:17 | Build | Farm |
| 19:17 | Build | Farm |
| 19:22 | Build | Farm |
| 19:22 | Build | Farm |
| 19:22 | Build | Farm |
| 19:22 | Build | Farm |
| 19:23 | Build | Farm |
| 19:27 | Build | Farm |
| 19:30 | Queue | Camel Scout |
| 19:30 | Queue | Camel Scout |
| 19:34 | Build | Farm |
| 19:42 | Queue | Camel Scout |
| 19:48 | Build | House |
| 19:49 | Build | House |
| 19:52 | Build | House |
| 19:56 | Build | House |
| 19:57 | Build | House |
| 20:05 | Build | House |
| 20:06 | Build | House |
| 20:10 | Queue | Camel Scout |
| 20:12 | Queue | Villager (Male) |
| 20:23 | Research | Scale Barding Armor |
| 20:40 | Queue | Camel Scout |
| 20:48 | Queue | Villager (Male) |
| 20:57 | Queue | Villager (Male) |
| 20:58 | Queue | Camel Scout |
| 21:13 | Queue | Villager (Male) |
| 21:25 | Queue | Villager (Male) |
| 21:27 | Queue | Camel Scout |
| 21:42 | Queue | Villager (Male) |
| 21:42 | Queue | Villager (Male) |
| 21:42 | Queue | Villager (Male) |
| 21:43 | Queue | Villager (Male) |
| 21:49 | Research | Forging |
| 21:52 | Build | Farm |
| 21:53 | Build | Farm |
| 21:54 | Build | Farm |
| 21:59 | Queue | Villager (Male) |
| 22:00 | Queue | Villager (Male) |
| 22:02 | Queue | Villager (Male) |
| 22:06 | Build | Farm |
| 22:07 | Build | Farm |
| 22:09 | Queue | Camel Scout |
| 22:11 | Queue | Villager (Male) |
| 22:12 | Queue | Villager (Male) |
| 22:30 | Queue | Camel Scout |
| 22:30 | Queue | Camel Scout |
| 22:33 | Build | House |
| 22:34 | Build | House |
| 22:34 | Build | House |
| 22:39 | Research | Bloodlines |
| 22:46 | Build | Farm |
| 22:49 | Build | Mining Camp |
Build order — Simplemente Amate
First 150 of 298 actions detected
| 0:03 | Queue | Villager (Male) |
| 0:03 | Queue | Villager (Male) |
| 0:03 | Queue | Villager (Male) |
| 0:03 | Queue | Villager (Male) |
| 0:05 | Build | House |
| 0:07 | Build | House |
| 1:16 | Queue | Villager (Male) |
| 1:17 | Queue | Villager (Male) |
| 1:51 | Queue | Villager (Male) |
| 1:51 | Queue | Villager (Male) |
| 1:52 | Queue | Villager (Male) |
| 2:05 | Queue | Villager (Male) |
| 2:05 | Queue | Villager (Male) |
| 2:26 | Queue | Villager (Male) |
| 2:26 | Queue | Villager (Male) |
| 2:26 | Queue | Villager (Male) |
| 2:34 | Build | Lumber Camp |
| 2:42 | Queue | Villager (Male) |
| 2:42 | Queue | Villager (Male) |
| 3:02 | Queue | Villager (Male) |
| 3:02 | Queue | Villager (Male) |
| 3:32 | Queue | Villager (Male) |
| 3:36 | Build | House |
| 3:41 | Build | House |
| 3:45 | Queue | Villager (Male) |
| 3:45 | Queue | Villager (Male) |
| 3:46 | Queue | Villager (Male) |
| 4:02 | Queue | Villager (Male) |
| 4:02 | Queue | Villager (Male) |
| 4:02 | Queue | Villager (Male) |
| 4:13 | Queue | Villager (Male) |
| 4:14 | Queue | Villager (Male) |
| 4:36 | Queue | Villager (Male) |
| 4:57 | Queue | Villager (Male) |
| 4:58 | Queue | Villager (Male) |
| 4:58 | Queue | Villager (Male) |
| 4:58 | Queue | Villager (Male) |
| 5:09 | Build | Mining Camp |
| 5:37 | Research | Loom |
| 6:01 | Research | Feudal Age |
| 7:46 | Queue | Villager (Male) |
| 7:50 | Build | House |
| 7:51 | Build | House |
| 8:28 | Age | Feudal Age |
| 8:37 | Build | Watch Tower |
| 8:40 | Queue | Villager (Male) |
| 8:43 | Build | Blacksmith |
| 8:55 | Build | House |
| 9:14 | Queue | Villager (Male) |
| 9:28 | Queue | Villager (Male) |
| 9:46 | Research | Fletching |
| 9:57 | Queue | Villager (Male) |
| 9:57 | Queue | Villager (Male) |
| 10:24 | Build | Mill |
| 10:26 | Queue | Villager (Male) |
| 10:26 | Queue | Villager (Male) |
| 10:26 | Queue | Villager (Male) |
| 10:34 | Build | House |
| 10:51 | Queue | Villager (Male) |
| 10:51 | Queue | Villager (Male) |
| 10:51 | Queue | Villager (Male) |
| 11:18 | Queue | Villager (Male) |
| 11:18 | Queue | Villager (Male) |
| 11:30 | Build | Watch Tower |
| 11:56 | Queue | Villager (Male) |
| 11:56 | Queue | Villager (Male) |
| 12:21 | Queue | Villager (Male) |
| 12:22 | Queue | Villager (Male) |
| 12:23 | Queue | Villager (Male) |
| 12:23 | Queue | Villager (Male) |
| 12:25 | Build | Farm |
| 12:27 | Build | Farm |
| 12:45 | Build | Watch Tower |
| 12:51 | Build | Palisade Wall |
| 12:53 | Queue | Villager (Male) |
| 12:54 | Queue | Villager (Male) |
| 13:01 | Build | Farm |
| 13:11 | Queue | Villager (Male) |
| 13:14 | Build | Farm |
| 13:15 | Queue | Villager (Male) |
| 13:15 | Queue | Villager (Male) |
| 13:33 | Build | Farm |
| 13:51 | Build | Watch Tower |
| 14:02 | Build | Stone Wall |
| 14:03 | Build | Stone Wall |
| 14:06 | Build | House |
| 14:18 | Queue | Villager (Male) |
| 14:18 | Queue | Villager (Male) |
| 14:21 | Build | Stone Wall |
| 14:30 | Queue | Villager (Male) |
| 14:30 | Queue | Villager (Male) |
| 14:30 | Queue | Villager (Male) |
| 14:58 | Build | Watch Tower |
| 15:06 | Build | Stone Wall |
| 15:09 | Build | House |
| 15:13 | Build | House |
| 15:23 | Queue | Villager (Male) |
| 15:23 | Queue | Villager (Male) |
| 15:23 | Queue | Villager (Male) |
| 15:33 | Build | House |
| 15:34 | Queue | Villager (Male) |
| 15:34 | Queue | Villager (Male) |
| 15:34 | Queue | Villager (Male) |
| 15:47 | Build | Watch Tower |
| 15:59 | Build | Palisade Wall |
| 15:59 | Build | Palisade Wall |
| 16:01 | Build | Palisade Wall |
| 16:02 | Build | Palisade Wall |
| 16:02 | Build | Palisade Wall |
| 16:03 | Queue | Villager (Male) |
| 16:03 | Queue | Villager (Male) |
| 16:06 | Build | Farm |
| 16:07 | Build | Farm |
| 16:10 | Build | House |
| 17:13 | Queue | Villager (Male) |
| 17:14 | Queue | Villager (Male) |
| 17:16 | Build | Farm |
| 17:16 | Build | Farm |
| 17:17 | Build | Farm |
| 17:17 | Build | Farm |
| 17:18 | Queue | Villager (Male) |
| 17:18 | Queue | Villager (Male) |
| 17:18 | Queue | Villager (Male) |
| 17:55 | Build | Stone Wall |
| 17:56 | Build | Stone Wall |
| 17:57 | Queue | Villager (Male) |
| 18:00 | Build | House |
| 18:01 | Build | House |
| 18:30 | Build | Market |
| 18:34 | Queue | Villager (Male) |
| 19:34 | Build | Mining Camp |
| 20:23 | Research | Castle Age |
| 20:43 | Build | Mining Camp |
| 21:17 | Research | Double-Bit Axe |
| 21:17 | Research | Horse Collar |
| 21:17 | Research | Horse Collar |
| 21:17 | Research | Horse Collar |
| 22:07 | Research | Stone Mining |
| 22:27 | Queue | Villager (Male) |
| 22:27 | Queue | Villager (Male) |
| 23:03 | Age | Castle Age |
| 23:10 | Build | Castle |
| 23:18 | Research | Bow Saw |
| 23:19 | Research | Bow Saw |
| 23:20 | Queue | Villager (Male) |
| 23:55 | Queue | Villager (Male) |
| 23:57 | Queue | Villager (Male) |
| 24:15 | Build | Farm |
| 24:16 | Queue | Villager (Male) |
| 24:22 | Queue | Genoese Crossbowman |
Build order — N4Fis
First 150 of 221 actions detected
| 0:04 | Queue | Villager (Male) |
| 0:05 | Queue | Villager (Male) |
| 0:07 | Build | House |
| 0:08 | Build | House |
| 0:11 | Queue | Villager (Male) |
| 0:11 | Queue | Villager (Male) |
| 1:32 | Queue | Villager (Male) |
| 1:32 | Queue | Villager (Male) |
| 1:49 | Build | Lumber Camp |
| 2:01 | Queue | Villager (Male) |
| 2:01 | Queue | Villager (Male) |
| 2:27 | Queue | Villager (Male) |
| 2:29 | Queue | Villager (Male) |
| 3:15 | Queue | Villager (Male) |
| 3:15 | Queue | Villager (Male) |
| 3:37 | Queue | Villager (Male) |
| 3:37 | Queue | Villager (Male) |
| 3:53 | Build | House |
| 3:54 | Build | House |
| 4:08 | Queue | Villager (Male) |
| 4:08 | Queue | Villager (Male) |
| 4:44 | Build | House |
| 5:15 | Queue | Villager (Male) |
| 5:15 | Queue | Villager (Male) |
| 5:15 | Queue | Villager (Male) |
| 5:24 | Queue | Villager (Male) |
| 5:24 | Queue | Villager (Male) |
| 5:34 | Build | Mill |
| 5:56 | Queue | Villager (Male) |
| 7:12 | Queue | Villager (Male) |
| 7:13 | Research | Feudal Age |
| 7:40 | Build | Mining Camp |
| 9:03 | Build | House |
| 9:17 | Build | House |
| 9:36 | Queue | Villager (Male) |
| 9:37 | Queue | Villager (Male) |
| 10:10 | Age | Feudal Age |
| 10:12 | Research | Loom |
| 10:17 | Build | Stone Wall |
| 10:28 | Build | Stone Wall |
| 10:54 | Build | Blacksmith |
| 10:58 | Build | Market |
| 11:28 | Build | House |
| 11:57 | Research | Castle Age |
| 12:04 | Build | Mining Camp |
| 12:15 | Build | Stone Wall |
| 12:44 | Queue | Villager (Male) |
| 12:44 | Queue | Villager (Male) |
| 12:51 | Build | Lumber Camp |
| 13:29 | Research | Double-Bit Axe |
| 13:30 | Research | Double-Bit Axe |
| 14:29 | Build | Mining Camp |
| 14:37 | Age | Castle Age |
| 14:43 | Build | Siege Workshop |
| 15:23 | Queue | Mangonel |
| 15:23 | Queue | Mangonel |
| 16:07 | Queue | Villager (Male) |
| 16:11 | Queue | Mangonel |
| 16:26 | Queue | Villager (Male) |
| 16:26 | Queue | Villager (Male) |
| 16:26 | Queue | Villager (Male) |
| 17:05 | Queue | Trade Cart |
| 17:38 | Queue | Villager (Male) |
| 17:38 | Queue | Villager (Male) |
| 18:17 | Build | Farm |
| 18:18 | Build | Farm |
| 19:32 | Build | Gate |
| 20:12 | Build | Farm |
| 20:22 | Build | Farm |
| 20:23 | Build | Farm |
| 20:25 | Build | Farm |
| 20:36 | Build | Farm |
| 20:36 | Build | Farm |
| 20:36 | Build | Farm |
| 20:36 | Build | Farm |
| 20:37 | Build | Farm |
| 20:40 | Build | Farm |
| 20:42 | Build | Farm |
| 20:53 | Research | Horse Collar |
| 20:54 | Queue | Villager (Male) |
| 20:54 | Queue | Villager (Male) |
| 21:04 | Queue | Villager (Male) |
| 21:04 | Queue | Villager (Male) |
| 21:24 | Build | Lumber Camp |
| 21:26 | Build | Farm |
| 21:50 | Queue | Villager (Male) |
| 21:50 | Queue | Villager (Male) |
| 21:51 | Queue | Villager (Male) |
| 21:53 | Build | Farm |
| 21:57 | Build | House |
| 22:07 | Build | Mining Camp |
| 22:14 | Build | Mining Camp |
| 22:17 | Queue | Villager (Male) |
| 22:17 | Queue | Villager (Male) |
| 22:29 | Build | House |
| 22:30 | Build | House |
| 22:35 | Build | Farm |
| 22:47 | Queue | Villager (Male) |
| 22:47 | Queue | Villager (Male) |
| 22:48 | Queue | Villager (Male) |
| 22:49 | Queue | Villager (Male) |
| 22:59 | Build | House |
| 23:05 | Build | Farm |
| 23:07 | Queue | Villager (Male) |
| 23:07 | Queue | Villager (Male) |
| 23:17 | Build | House |
| 23:20 | Queue | Villager (Male) |
| 23:20 | Queue | Villager (Male) |
| 23:32 | Queue | Villager (Male) |
| 23:44 | Queue | Villager (Male) |
| 23:45 | Queue | Villager (Male) |
| 23:45 | Queue | Villager (Male) |
| 23:49 | Build | House |
| 23:53 | Queue | Villager (Male) |
| 24:09 | Build | Town Center |
| 24:11 | Queue | Villager (Male) |
| 24:11 | Queue | Villager (Male) |
| 24:11 | Queue | Villager (Male) |
| 24:27 | Queue | Villager (Male) |
| 24:32 | Build | House |
| 24:36 | Queue | Villager (Male) |
| 24:36 | Queue | Villager (Male) |
| 24:41 | Build | Farm |
| 24:51 | Queue | Villager (Male) |
| 24:52 | Queue | Villager (Male) |
| 25:11 | Build | House |
| 25:31 | Queue | Villager (Male) |
| 25:48 | Queue | Villager (Male) |
| 25:48 | Queue | Villager (Male) |
| 25:48 | Queue | Villager (Male) |
| 25:48 | Queue | Villager (Male) |
| 26:02 | Queue | Villager (Male) |
| 26:02 | Queue | Villager (Male) |
| 26:06 | Queue | Villager (Male) |
| 26:06 | Queue | Villager (Male) |
| 26:30 | Queue | Villager (Male) |
| 26:30 | Queue | Villager (Male) |
| 26:31 | Queue | Villager (Male) |
| 26:41 | Queue | Villager (Male) |
| 26:41 | Queue | Villager (Male) |
| 26:44 | Research | Bow Saw |
| 26:50 | Build | House |
| 26:50 | Build | House |
| 27:00 | Queue | Villager (Male) |
| 27:00 | Queue | Villager (Male) |
| 27:11 | Queue | Villager (Male) |
| 27:11 | Queue | Villager (Male) |
| 27:15 | Build | Farm |
| 27:16 | Build | Farm |
| 27:19 | Build | Farm |
Build order — MaAle-Fica
First 150 of 201 actions detected
| 0:02 | Queue | Villager (Male) |
| 0:02 | Queue | Villager (Male) |
| 0:02 | Queue | Villager (Male) |
| 0:03 | Queue | Villager (Male) |
| 0:03 | Queue | Villager (Male) |
| 0:04 | Build | House |
| 0:06 | Build | House |
| 1:26 | Queue | Villager (Male) |
| 1:26 | Queue | Villager (Male) |
| 1:52 | Build | Lumber Camp |
| 2:03 | Queue | Villager (Male) |
| 2:04 | Queue | Villager (Male) |
| 2:28 | Queue | Villager (Male) |
| 2:28 | Queue | Villager (Male) |
| 2:51 | Queue | Villager (Male) |
| 2:51 | Queue | Villager (Male) |
| 3:24 | Queue | Villager (Male) |
| 3:25 | Queue | Villager (Male) |
| 3:49 | Queue | Villager (Male) |
| 3:49 | Queue | Villager (Male) |
| 4:02 | Build | House |
| 4:09 | Queue | Villager (Male) |
| 4:10 | Queue | Villager (Male) |
| 4:25 | Build | House |
| 4:44 | Build | Mill |
| 4:54 | Queue | Villager (Male) |
| 4:54 | Queue | Villager (Male) |
| 4:54 | Queue | Villager (Male) |
| 4:58 | Queue | Villager (Male) |
| 6:36 | Queue | Villager (Male) |
| 6:36 | Queue | Villager (Male) |
| 6:42 | Queue | Villager (Male) |
| 6:42 | Queue | Villager (Male) |
| 7:59 | Build | Mining Camp |
| 8:05 | Research | Feudal Age |
| 10:22 | Queue | Villager (Male) |
| 10:22 | Queue | Villager (Male) |
| 10:26 | Age | Feudal Age |
| 10:33 | Build | Market |
| 10:40 | Build | Blacksmith |
| 11:10 | Build | House |
| 11:21 | Research | Loom |
| 11:58 | Research | Castle Age |
| 14:38 | Age | Castle Age |
| 14:40 | Research | Double-Bit Axe |
| 14:46 | Build | Siege Workshop |
| 14:51 | Build | Siege Workshop |
| 14:56 | Queue | Villager (Male) |
| 15:13 | Build | House |
| 15:20 | Queue | Battering Ram |
| 15:22 | Queue | Scorpion |
| 15:31 | Queue | Battering Ram |
| 15:33 | Queue | Scorpion |
| 15:41 | Queue | Villager (Male) |
| 15:41 | Queue | Villager (Male) |
| 16:13 | Queue | Scorpion |
| 16:13 | Queue | Scorpion |
| 16:13 | Queue | Scorpion |
| 16:22 | Queue | Villager (Male) |
| 16:22 | Queue | Villager (Male) |
| 16:41 | Queue | Scorpion |
| 16:41 | Queue | Scorpion |
| 16:42 | Queue | Scorpion |
| 17:34 | Queue | Battering Ram |
| 18:02 | Build | House |
| 18:06 | Build | Farm |
| 18:07 | Build | Farm |
| 18:08 | Build | Farm |
| 18:24 | Queue | Battering Ram |
| 18:25 | Queue | Battering Ram |
| 18:41 | Queue | Villager (Male) |
| 18:42 | Queue | Villager (Male) |
| 19:31 | Queue | Villager (Male) |
| 19:31 | Queue | Villager (Male) |
| 20:16 | Queue | Villager (Male) |
| 20:19 | Build | House |
| 20:20 | Build | Farm |
| 20:45 | Queue | Scorpion |
| 20:46 | Queue | Scorpion |
| 20:46 | Queue | Scorpion |
| 20:46 | Queue | Scorpion |
| 20:54 | Build | Farm |
| 20:55 | Build | Farm |
| 20:56 | Queue | Villager (Male) |
| 21:34 | Build | Farm |
| 21:36 | Queue | Villager (Male) |
| 21:36 | Queue | Villager (Male) |
| 22:08 | Queue | Villager (Male) |
| 22:12 | Build | Farm |
| 22:46 | Queue | Villager (Male) |
| 22:47 | Queue | Villager (Male) |
| 23:14 | Queue | Villager (Male) |
| 23:14 | Queue | Villager (Male) |
| 23:14 | Queue | Villager (Male) |
| 23:18 | Build | House |
| 23:19 | Build | House |
| 24:04 | Build | House |
| 24:06 | Build | House |
| 24:07 | Build | House |
| 24:20 | Queue | Villager (Male) |
| 24:20 | Queue | Villager (Male) |
| 25:00 | Queue | Villager (Male) |
| 25:01 | Queue | Villager (Male) |
| 25:34 | Build | Town Center |
| 25:43 | Build | Town Center |
| 25:51 | Build | Town Center |
| 25:55 | Research | Bow Saw |
| 25:58 | Research | Horse Collar |
| 26:05 | Build | Lumber Camp |
| 26:25 | Queue | Villager (Male) |
| 26:31 | Queue | Villager (Male) |
| 26:50 | Queue | Villager (Male) |
| 27:20 | Build | Farm |
| 27:30 | Build | Farm |
| 27:35 | Build | Farm |
| 27:40 | Build | Farm |
| 27:41 | Queue | Villager (Male) |
| 27:41 | Queue | Villager (Male) |
| 27:42 | Queue | Villager (Male) |
| 27:57 | Queue | Villager (Male) |
| 28:10 | Build | Farm |
| 28:11 | Build | Farm |
| 28:13 | Build | Farm |
| 28:21 | Build | Farm |
| 28:24 | Build | Farm |
| 28:25 | Build | Farm |
| 28:29 | Build | Farm |
| 28:31 | Queue | Villager (Male) |
| 28:31 | Queue | Villager (Male) |
| 28:35 | Build | Farm |
| 28:42 | Build | Farm |
| 28:45 | Build | Farm |
| 28:46 | Build | Farm |
| 28:49 | Queue | Villager (Male) |
| 28:50 | Queue | Villager (Male) |
| 28:52 | Queue | Villager (Male) |
| 29:07 | Build | Farm |
| 29:08 | Build | Farm |
| 29:13 | Build | Farm |
| 29:17 | Build | Farm |
| 29:18 | Queue | Villager (Male) |
| 29:18 | Queue | Villager (Male) |
| 29:28 | Build | House |
| 29:29 | Build | House |
| 29:38 | Build | Outpost |
| 29:50 | Build | University |
| 29:54 | Queue | Mangonel |
| 30:03 | Queue | Villager (Male) |
| 30:03 | Queue | Villager (Male) |
| 30:03 | Queue | Villager (Male) |
Match timeline
| 8:28 | Simplemente Amate · age_up feudal |
| 10:10 | N4Fis · age_up feudal |
| 10:17 | N4Fis · wall_segment Stone Wall x1 |
| 10:26 | MaAle-Fica · age_up feudal |
| 10:28 | N4Fis · wall_segment Stone Wall x6 |
| 10:29 | Qic · age_up feudal |
| 10:31 | LT_OmniSK · age_up feudal |
| 10:38 | 天崩地裂 · age_up feudal |
| 10:48 | Predator · age_up feudal |
| 11:50 | Turkalibx · age_up feudal |
| 11:52 | MaAle-Fica · first_market_sell 100 stone |
| 11:53 | MaAle-Fica · first_market_buy 100 food |
| 11:55 | N4Fis · first_market_sell 100 wood |
| 12:04 | Turkalibx · first_building Stable |
| 12:11 | Qic · first_market_buy 100 food |
| 12:13 | Qic · first_market_sell 100 stone |
| 12:13 | Predator · first_market_sell 100 wood |
| 12:14 | Predator · first_market_buy 100 food |
| 12:15 | N4Fis · wall_segment Stone Wall x7 |
| 12:32 | Predator · first_building Barracks |
| 12:51 | Simplemente Amate · wall_segment Palisade Wall x1 |
| 13:30 | Predator · first_building Stable |
| 14:02 | Simplemente Amate · wall_segment Stone Wall x1 |
| 14:03 | Simplemente Amate · wall_segment Stone Wall x1 |
| 14:10 | 天崩地裂 · age_up castle |
| 14:15 | 天崩地裂 · first_building Monastery |
| 14:21 | Simplemente Amate · wall_segment Stone Wall x1 |
| 14:27 | LT_OmniSK · age_up castle |
| 14:32 | Turkalibx · age_up castle |
| 14:37 | N4Fis · age_up castle |
| 14:38 | MaAle-Fica · age_up castle |
| 14:43 | N4Fis · first_building Siege Workshop |
| 14:46 | MaAle-Fica · first_building Siege Workshop |
| 14:52 | Predator · age_up castle |
| 14:56 | Qic · age_up castle |
| 15:01 | Qic · first_building Siege Workshop |
| 15:06 | Simplemente Amate · wall_segment Stone Wall x1 |
| 15:59 | Simplemente Amate · wall_segment Palisade Wall x1 |
| 15:59 | Simplemente Amate · wall_segment Palisade Wall x1 |
| 16:01 | Simplemente Amate · wall_segment Palisade Wall x1 |
| 16:02 | Simplemente Amate · wall_segment Palisade Wall x1 |
| 16:02 | Simplemente Amate · wall_segment Palisade Wall x1 |
| 16:32 | Qic · first_building Castle |
| 16:58 | LT_OmniSK · first_building Barracks |
| 17:37 | N4Fis · first_market_buy 100 food |
| 17:53 | LT_OmniSK · first_building Stable |
| 17:55 | Simplemente Amate · wall_segment Stone Wall x1 |
| 17:56 | Simplemente Amate · wall_segment Stone Wall x1 |
| 18:28 | 天崩地裂 · first_market_buy 100 food |
| 18:37 | Qic · wall_segment Stone Wall x7 |
| 20:16 | Simplemente Amate · first_market_sell 100 stone |
| 20:48 | Predator · first_building Monastery |
| 21:05 | Qic · resign |
| 23:03 | Simplemente Amate · age_up castle |
| 23:10 | Simplemente Amate · first_building Castle |
| 23:40 | 天崩地裂 · first_building Castle |
| 23:52 | 天崩地裂 · wall_segment Stone Wall x1 |
| 23:55 | 天崩地裂 · wall_segment Stone Wall x1 |
| 25:34 | Predator · wall_segment Stone Wall x1 |
| 25:38 | Simplemente Amate · first_market_buy 100 wood |
| 25:39 | 天崩地裂 · first_building Barracks |
| 26:58 | 天崩地裂 · age_up imperial |
| 27:23 | LT_OmniSK · first_building Siege Workshop |
| 27:55 | N4Fis · first_building Castle |
| 28:31 | LT_OmniSK · wall_segment Stone Wall x3 |
| 28:52 | LT_OmniSK · first_building Monastery |
| 29:02 | 天崩地裂 · first_building Siege Workshop |
| 29:24 | Predator · first_building Castle |
| 29:39 | Turkalibx · first_building Siege Workshop |
| 30:36 | Predator · first_building Siege Workshop |
| 31:05 | Predator · first_building Archery Range |
| 32:01 | MaAle-Fica · first_building Barracks |
| 32:07 | Turkalibx · first_building Monastery |
| 32:18 | N4Fis · first_building Barracks |
| 32:24 | Turkalibx · wall_segment Stone Wall x9 |
| 32:25 | N4Fis · age_up imperial |
| 32:28 | 天崩地裂 · first_market_sell 500 food |
| 32:40 | LT_OmniSK · age_up imperial |
| 33:15 | Turkalibx · wall_segment Stone Wall x9 |
| 33:26 | Turkalibx · wall_segment Stone Wall x6 |
| 33:27 | Turkalibx · wall_segment Stone Wall x1 |
| 33:28 | Turkalibx · wall_segment Stone Wall x7 |
| 33:30 | LT_OmniSK · first_building Archery Range |
| 33:33 | Simplemente Amate · first_building Barracks |
| 34:29 | Predator · age_up imperial |
[ AI ANALYSIS · 1 CREDIT ]
What really happened in this match?
Wolo.gg analyzes every decision: build order, eco, micro, common mistakes by bracket. Personalized analysis on WhatsApp or Discord in 30 seconds.
Civ guide
Persians
Perfil
Jugador #553196